 Dungeon Crawl Stone Soup version 0.20-a0-270-g8e735b6 (webtiles) character file.

1686 Lochraine the Agent of Entropy (level 9, -3/72 HPs)
             Began as a Formicid Abyssal Knight on Dec 10, 2016.
             Was a Priest of Lugonu.
             Shot with an arrow by a centaur (5 damage)
             ... on level 7 of the Dungeon.
             The game lasted 00:18:00 (6783 turns).

Lochraine the Agent of Entropy (FoAK)               Turns: 6783, Time: 00:18:01

Health: -3/72      AC:  6    Str: 25    XL:     9   Next: 22%
Magic:  6/14       EV: 10    Int: 18    God:    Lugonu [***...]
Gold:   99         SH:  3    Dex: 14    Spells: 8/8 levels left

rFire  . . .     SeeInvis +     B - +3 hand axe
rCold  + . .     Gourm    .     J - +2 ring mail {rC+}
rNeg   . . .     Faith    .     K - +0 buckler
rPois  .         Spirit   .     (helmet unavailable)
rElec  +         Reflect  .     (no cloak)
rCorr  .         Harm     .     (no gloves)
MR     .....                    y - +0 pair of boots
Stlth  +.........               E - amulet of regeneration
                                H - ring "Kifil" {rElec AC-2 Int+6 Dex+4} (curse)
                                s - +5 ring of strength

@: no status effects
A: permanent stasis, dig shafts and tunnels, four strong arms, antennae 3
a: Dig, Shaft Self, Depart the Abyss, Bend Space, Banish, Renounce Religion


You were on level 7 of the Dungeon.
You worshipped Lugonu.
Lugonu was most pleased with you.
You were not hungry.

You visited 1 branch of the dungeon, and saw 6 of its levels.
You visited the Abyss 1 time.

You collected 363 gold pieces.
You spent 264 gold pieces at shops.

Inventory:

Hand Weapons
 a - a +1 hand axe
 B - a +3 hand axe (weapon)
Armour
 y - a +0 pair of boots (worn)
 J - a +2 ring mail of cold resistance (worn)
 K - a +0 buckler (worn)
Jewellery
 s - a +5 ring of strength (left hand)
 E - an amulet of regeneration (around neck)
 H - the cursed ring "Kifil" (right hand) {rElec AC-2 Int+6 Dex+4}
   (You bought it in a shop on level 7 of the Dungeon)

   [ring of protection]

   It affects your AC (-2).
   It affects your intelligence (+6).
   It affects your dexterity (+4).
   It insulates you from electricity.
   It has a curse placed upon it.
Wands
 g - a wand of paralysis (3/24)
Scrolls
 d - a scroll of fog {unknown}
 e - a scroll of immolation {unknown}
 j - 2 scrolls of identify
 m - a scroll of noise {unknown}
 t - a scroll of blinking {unknown}
 A - a scroll of remove curse
 D - a scroll of recharging {unknown}
 F - 2 scrolls of enchant weapon {unknown}
 G - 2 scrolls of random uselessness {unknown}
 L - a scroll of amnesia {unknown}
Potions
 b - 2 potions of invisibility {unknown}
 f - 2 potions of cure mutation
 k - 4 potions of lignification
 l - a potion of cancellation
 o - a potion of brilliance {unknown}
 q - a potion of berserk rage {unknown}
 r - a potion of heal wounds
 u - 3 potions of curing {unknown}
 v - 2 potions of ambrosia {unknown}
 x - a potion of degeneration {unknown}
 z - a potion of mutation {unknown}
 C - a potion of might {unknown}
 I - a potion of magic {unknown}
Comestibles
 c - 6 bread rations
 h - 3 slices of pizza
 i - 3 chunks of flesh
 n - 3 fruits
 p - a beef jerky
 w - 3 meat rations


   Skills:
 - Level 7.4 Fighting
 + Level 6.6 Axes
 + Level 3.2 Armour
 - Level 1.0 Dodging
 + Level 0.5 Shields
 + Level 7.9 Invocations


You had 8 spell levels left.
You didn't know any spells.

Dungeon Overview and Level Annotations

Branches:
Dungeon (7/15)             Temple (0/1) D:4

Altars:
Ashenzari
Dithmenos
Fedhas
Hepliaklqana
Uskayaw

Shops:
D:6 %}   D:7 *

Annotations:
Abyss:1 Pikel, Sigmund


Innate Abilities, Weirdness & Mutations

You cannot be hasted, slowed, berserked, paralysed or teleported.
You can dig through walls and to a lower floor.
Your four strong arms can wield two-handed weapons with a shield.
You have a pair of large antennae on your head. (SInv)


Message History

Evoke which item? (* to show all) (? for menu, Esc to quit)
Zapping:
g - a wand of paralysis (4/24)
Press: ? - help, Shift-Dir - straight line, f/p - ogre
Aim: an ogre, wielding a giant club (moderately wounded, chance to defeat MR: 46%)
The ogre resists with some effort.
This wand has 3 charges left.
You barely miss the ogre.
The ogre is moderately wounded.
The ogre hits you with a giant club!
* * * LOW HITPOINT WARNING * * *
Press: ? - help, Shift-Dir - straight line, f/p - ogre
Aim: an ogre, wielding a giant club (moderately wounded, chance to defeat MR: 85%)
The ogre barely resists.
You feel somewhat more hungry. The ogre hits you with a giant club!
* * * LOW HITPOINT WARNING * * *
Press: ? - help, Shift-Dir - straight line, f/p - ogre
Aim: an ogre, wielding a giant club (moderately wounded, chance to defeat MR: 85%)
The ogre is devoured by a tear in reality.
Lugonu claims a new guest.
You feel somewhat more hungry.
The centaur shoots an arrow.
The arrow hits you.
You die...

.......
....c.#
...(..#
......# ##
.....
##.####...
#...##..#
#...@#(.#
##..§§c##
##..§..#
#......#
##...#..#
#..###.##
#..# #.....#
#..###.....#
#..#.......#


You could see a centaur.

Vanquished Creatures
  A hornet (D:7)
  A slave (D:7)
  A centaur (D:6)
  A big kobold (D:4)
  3 scorpions
  A howler monkey (D:6)
  A crimson imp (D:4)
  2 hounds (D:7)
  An orc priest (D:6)
  An orc wizard (D:6)
  Jessica (D:2)
  2 worker ants (D:4)
  An iguana (D:6)
  A killer bee zombie (D:6)
  2 hound zombies
  Robin (D:2)
  A worker ant zombie (D:6)
  A howler monkey skeleton (D:6)
  6 adders
  A shadow imp (D:7)
  An ooze (D:3)
  An adder zombie (D:7)
  2 worms
  3 dart slugs
  6 leopard geckos
  10 orcs
  3 giant cockroaches
  13 goblins
  14 hobgoblins
  20 jackals
  32 kobolds
  A quokka (D:7)
  A ball python (D:1)
  9 bats
  4 frilled lizards
  13 rats
  A plant (D:4)
164 creatures vanquished.

Vanquished Creatures (others)
  Joseph (D:7)
  An orc warrior (D:6)
  A slave (D:7)
  An ogre (D:7)
  A wyvern zombie (D:7)
  A worker ant (D:7)
6 creatures vanquished.

Grand Total: 170 creatures vanquished

Notes
Turn   | Place    | Note
-------+----------+-------------------------------------------
     0 | Abyss:1  | Lochraine the Formicid Abyssal Knight began the quest for the Orb.
     0 | Abyss:1  | Reached XP level 1. HP: 18/18 MP: 2/2
    27 | D:1      | Escaped the Abyss
   282 | D:1      | Reached skill level 1 in Dodging
   395 | D:1      | Reached XP level 2. HP: 24/24 MP: 3/3
   693 | D:1      | Reached XP level 3. HP: 28/29 MP: 4/4
  1168 | D:2      | Noticed Robin
  1172 | D:2      | Reached ** piety under Lugonu
  1349 | D:2      | Reached XP level 4. HP: 35/36 MP: 6/6
  1367 | D:2      | Killed Robin
  1697 | D:2      | Found a hazy altar of Hepliaklqana.
  1919 | D:2      | Noticed Jessica
  1924 | D:2      | Killed Jessica
  1924 | D:2      | Reached XP level 5. HP: 31/42 MP: 7/7
  2501 | D:3      | Reached *** piety under Lugonu
  2516 | D:3      | Found a hide-covered altar of Uskayaw.
  2517 | D:3      | Noticed Sigmund
  2521 | D:3      | Banished Sigmund
  2521 | D:3      | Reached XP level 6. HP: 46/49 MP: 7/9
  2673 | D:3      | Found a blossoming altar of Fedhas.
  3934 | D:4      | Reached skill level 5 in Invocations
  3934 | D:4      | Reached XP level 7. HP: 29/55 MP: 10/10
  4080 | D:4      | Reached skill level 5 in Fighting
  4235 | D:4      | Found a staircase to the Ecumenical Temple.
  4300 | D:4      | Reached **** piety under Lugonu
  4892 | D:4      | You fall through a shaft for 2 floors!
  4902 | D:6      | Reached skill level 5 in Axes
  5009 | D:6      | Found a shadowy altar of Dithmenos.
  5165 | D:6      | Reached XP level 8. HP: 44/64 MP: 12/12
  5610 | D:6      | Found Fozut's Food Emporium.
  5738 | D:6      | Found a shattered altar of Ashenzari.
  5904 | D:6      | Found Limacsu's Gadget Shoppe.
  6073 | D:7      | Found Nosaw's Assorted Antiques.
  6099 | D:7      | Bought 2 scrolls labeled ZUCZOE USKU for 60 gold pieces
  6099 | D:7      | Bought a white potion for 27 gold pieces
  6099 | D:7      | Bought a bound jade ring for 150 gold pieces
  6099 | D:7      | Bought an orange potion for 27 gold pieces
  6100 | D:7      | Identified the cursed ring "Kifil" {rElec AC-2 Int+6 Dex+4} (You bought it in a shop on level 7 of the Dungeon)
  6168 | D:7      | Noticed Joseph
  6169 | D:7      | Noticed Pikel
  6175 | D:7      | Noticed a hornet
  6298 | D:7      | Banished Pikel
  6315 | D:7      | Killed Joseph
  6376 | D:7      | Reached XP level 9. HP: 13/72 MP: 12/14
  6531 | D:7      | Killed a hornet
  6782 | D:7      | HP: 1/72 [ogre/giant club (16)]
  6783 | D:7      | Shot with an arrow by a centaur

Vault maps used:
D:1:      lemuel_arrival_lava_pool, minmay_pentomino_x2
D:2:      old_standard_altar, minmay_split_cup_small, uniq_jessica, uniq_robin
D:3:      old_standard_altar, fedhas_altar_2, first_bread, uniq_sigmund
D:4:      kennysheep_kobold_camp, minmay_distorted
D:6:      kennysheep_little_box, basic_altar, serial_shops, shop,
          kennysheep_mini_moat
D:7:      serial_shops, nicolae_shop_overgrown_old_shop, grunt_ogre_cave,
          uniq_pikel, uniq_joseph

Skill      XL: |  1  2  3  4  5  6  7  8 |
---------------+-------------------------+-----
Dodging        | 1 |  1.0
Armour         | 3 |  3.2
Invocations    | 3 4 5 7 |  7.9
Fighting       | 4 5 7 |  7.4
Axes           | 3 4 5 6 |  6.6
Shields        | |  0.5

Action                   |  1- 3 |  4- 6 |  7- 9 || total
-------------------------+-------+-------+-------++-------
Melee: Hand axe          |   124 |   234 |   226 ||   584
Invok: Banish            |       |     1 |     6 ||     7
       Bend Space        |       |       |     1 ||     1
Evoke: Wand              |       |       |     9 ||     9
  Use: Scroll            |       |     5 |     3 ||     8
       Potion            |       |       |     3 ||     3
 Stab: Paralysed         |       |       |     7 ||     7
  Eat: Chunk             |     2 |     8 |    11 ||    21
Armor: Scale mail        |    51 |    74 |    59 ||   184
       Leather armour    |       |    33 |       ||    33
       Ring mail         |       |       |     4 ||     4
Dodge: Dodged            |    61 |   148 |    96 ||   305
Block: Buckler           |       |       |     2 ||     2
